 Dungeon Crawl Stone Soup version 0.31.0-32-g396128a36d (webtiles) character file.

Game seed: 4782843747308136040

9662 hellgot the Thaumaturge (level 11, 0/83 HPs)
             Began as a Gnoll Alchemist on Apr 11, 2024.
             Was an Elder of Sif Muna.
             Shot with an arrow by Nessos (1 damage)
             ... on level 2 of the Orcish Mines.
             The game lasted 00:20:12 (9430 turns).

hellgot the Thaumaturge (Gnoll Alchemist)           Turns: 9430, Time: 00:20:13

Health: 0/83       AC: 10    Str:  7    XL:     11   Next: 50%
Magic:  23/23      EV: 14    Int: 25    God:    Sif Muna [****..]
Gold:   894        SH:  0    Dex: 13    Spells: 3/26 levels left

rFire   + . .        w - staff of alchemy
rCold   . . .        (no shield)
rNeg    . . .        B - +3 leather armour {rF+}
rPois   +            (no helmet)
rElec   .            (no cloak)
rCorr   .            e - +1 pair of gloves
SInv    .            r - +0 pair of boots
Will    +....        y - amulet of magic regeneration
Stlth   +++          f - ring of willpower
HPRegen 0.33/turn    t - +6 ring of intelligence
MPRegen 0.58/turn

%: no passive effects
@: no status effects
A: fangs 1, strong nose, distributed training
a: Renounce Religion, Channel Magic, Forget Spell, Divine Exegesis


You were on level 2 of the Orcish Mines.
You worshipped Sif Muna.
Sif Muna was greatly pleased with you.
You visited 3 branches of the dungeon, and saw 12 of its levels.

You collected 1512 gold pieces.
You spent 618 gold pieces at shops.

Inventory:

Hand Weapons
 c - a +1 spear
Armour
 a - a +1 robe
 e - a +1 pair of gloves (worn)
 r - a +0 pair of boots (worn)
 B - a +3 leather armour of fire resistance (worn)
Magical Staves
 q - a staff of earth
 w - a staff of alchemy (weapon)
 E - a staff of conjuration
Jewellery
 f - a ring of willpower (left hand)
 o - an amulet of reflection
 t - a +6 ring of intelligence (right hand)
 u - the ring "Osominak" {rPois Str+3}
   (You found it on level 4 of the Dungeon)

   [ring of poison resistance]

   Str+3:     It affects your strength (+3).
   rPois:     It protects you from poison
 y - an amulet of magic regeneration (around neck)
Wands
 s - a wand of roots (3)
 H - a wand of quicksilver (2)
 I - a wand of digging (3)
 J - a wand of polymorph (5)
Scrolls
 h - 2 scrolls of immolation
 j - a scroll of blinking
 k - 2 scrolls of poison
 l - a scroll of enchant weapon
 n - a scroll of noise
 C - a scroll of enchant armour
 D - 2 scrolls of teleportation
 K - a scroll of identify
Potions
 b - 3 potions of magic
 d - a potion of berserk rage
 g - a potion of enlightenment
 i - 6 potions of heal wounds
 m - 3 potions of resistance
 p - a potion of brilliance {unknown}
 v - 2 potions of invisibility {unknown}
 z - 3 potions of curing
 A - 2 potions of lignification {unknown}
 F - 2 potions of mutation {unknown}
 G - 2 potions of haste


   Skills:
 + Level 6.6 Fighting
 + Level 6.6 Short Blades
 + Level 6.6 Long Blades
 + Level 6.6 Axes
 + Level 6.6 Maces & Flails
 + Level 6.6 Polearms
 + Level 6.6 Staves
 + Level 6.6 Ranged Weapons
 + Level 6.6 Throwing
 + Level 6.6 Armour
 + Level 8.1 Dodging
 + Level 7.9 Stealth
 + Level 6.6 Shields
 + Level 6.6 Unarmed Combat
 + Level 8.4 Spellcasting
 + Level 5.9 Conjurations
 + Level 5.4 Hexes
 + Level 5.4 Summonings
 + Level 5.4 Necromancy
 + Level 5.4 Translocations
 + Level 5.4 Fire Magic
 + Level 5.4 Ice Magic
 + Level 5.4 Air Magic
 + Level 5.4 Earth Magic
 + Level 7.8 Alchemy
 + Level 7.2 Invocations
 + Level 6.6 Evocations
 + Level 6.0 Shapeshifting


You had 3 spell levels left.
You knew the following spells:

 Your Spells              Type           Power      Damage    Failure   Level
a - Sting                 Conj/Alch      100%       1d9       1%          1
b - Mephitic Cloud        Conj/Alch/Air  59%        N/A       1%          3
c - Call Imp              Summ           74%        N/A       1%          2
d - Olgreb's Toxic Radia  Alch           65%        N/A       3%          4
e - Sticky Flame          Fire/Alch      60%        2d10      5%          4
f - Dispel Undead         Necr           37%        3d15      9%          4
g - Alistair's Intoxicat  Alch           43%        N/A       9%          5

Your spell library contained the following spells:

 Spells                   Type           Power      Damage    Failure   Level
 Apportation              Tloc           74%        N/A       1%          1
 Kiss of Death            Conj/Necr      100%       2d13      1%          1
 Jinxbite                 Hex            74%        N/A       1%          2
 Mercury Vapours          Alch/Air       100%       N/A       1%          2
 Sublimation of Blood     Necr           37%        N/A       1%          2
 Confusing Touch          Hex            37%        N/A       2%          3
 Summon Hydra             Summ           18%        N/A       100%        7


Dungeon Overview and Level Annotations

Branches:
Dungeon (9/15)             Temple (0/1) D:6             Orc (2/2) D:9
    Elf (1/3) Orc:2
   Lair: D:8-11

Altars:
Ashenzari
Dithmenos
Gozag
Makhleb
Qazlal
Sif Muna
Vehumet
Wu Jian
Yredelemnul
Zin
The Shining One

Shops:
Orc:1 !

Portals:
Abyss: D:4

Annotations:
D:4 2 transporters, Consumeair16's ghost, amateur GnCj
Orc:2 Nessos


Innate Abilities, Weirdness & Mutations

You have very sharp teeth.
Your uncanny sense of smell can sniff out nearby items.
Your experience applies equally to all skills.


Message History

The arrow hits your butterfly! The arrow burns your butterfly.
Your butterfly dies!
Your butterfly disappears in a burst of colours!
You swap places.
You feel sick.
Nessos shoots an arrow.
The arrow hits you!
* * * LOW HITPOINT WARNING * * *
The arrow burns you.
You are more poisoned.
* * * LOW HITPOINT WARNING * * *
The warg misses your butterfly.
Nessos shoots an arrow.
The arrow closely misses you. The arrow hits your butterfly!!
The arrow burns your butterfly.
Your butterfly dies!
Your butterfly disappears in a burst of colours!
You feel better.
Nessos shoots an arrow.
The arrow hits you!!
* * * LOW HITPOINT WARNING * * *
The arrow burns you.
* * * LOW HITPOINT WARNING * * *
Nessos unwields a +3 longbow of flaming.
It stops flaming.
Nessos barely misses your butterfly. Nessos kicks your butterfly.
Your butterfly dies!
Your butterfly disappears in a burst of colours!
The warg barely misses your butterfly. The ogre closely misses your butterfly.
Blink to where?
Press: ? - help, Dir - move target
As you read the scroll of blinking, it crumbles to dust.
The warg completely misses your butterfly.
There is a staircase to the Elven Halls here.
Something completely misses your butterfly.
You climb downwards.
Welcome to the Elven Halls!
Found 6 stones.
There is a staircase back to the Mines here.
You climb upwards.
Welcome back to the Orcish Mines!
Level annotation: Nessos Your butterfly disappears in a burst of colours! x14
Nessos wields a +3 longbow of flaming.
It bursts into flame!
Nessos shoots an arrow.
The arrow hits you!
* * * LOW HITPOINT WARNING * * *
The arrow burns you.
You die...

##################
##.##.#..#..#.##..#
#..................
##@.h..............
###.##..............#
#....b...............
........hc...#........
#.......................
#.......b#b.bO.b.b..#...
........#.Ocb...........
........................
..........#<.........


You could see Nessos (fast), a warg and an ogre.

Vanquished Creatures
  An orc high priest (Orc:1)
  An orc knight (Orc:1)
  An orc sorcerer (Orc:1)
  A cyclops (D:6)
  A kobold blastminer (Orc:1)
  2 manticores
  A shadow (D:9)
  A yak (D:6)
  A wraith (D:6)
  A warg (Orc:2)
  A steam dragon (D:6)
  A vampire mosquito (D:6)
  A water moccasin (D:7)
  A black bear (D:6)
  3 ice beasts
  9 orc warriors
  7 ogres
  A sky beast (D:6)
  4 centaurs
  2 phantoms (D:9)
  2 kobold brigands
  Blork the orc (D:6)
  2 bullfrogs (D:8)
  A gnoll sergeant (D:5)
  2 scorpions
  20 wights
  9 killer bees
  5 howler monkeys
  2 bombardier beetles
  A gnoll bouda (D:6)
  5 hounds
  9 orc priests
  A sleepcap (D:6)
  3 iguanas (D:6)
  13 orc wizards
  6 ogre zombies (D:9)
  5 gnolls (D:5)
  6 adders
  2 river rats (D:5)
  2 white imps
  2 ufetubi (D:7)
  2 dart slugs
  A ribbon worm (D:2)
  61 orcs
  3 bats
  3 endoplasms
  3 giant cockroaches
  10 hobgoblins
  4 jackals (D:2)
  3 quokkas
  4 ball pythons
  3 frilled lizards
  2 gnoll skeletons (D:9)
  3 gnoll zombies (D:9)
  6 goblins
  12 kobolds
  2 orc skeletons (D:9)
  12 orc zombies (D:9)
  5 rats
279 creatures vanquished.

Notes
Turn   | Place    | Note
-------+----------+-------------------------------------------
     0 | D:1      | hellgot the Gnoll Alchemist began the quest for the Orb.
     0 | D:1      | Reached XP level 1. HP: 13/13 MP: 6/6
   196 | D:1      | Reached XP level 2. HP: 19/19 MP: 4/7
   930 | D:2      | Reached skill level 5 in Spellcasting
   930 | D:2      | Reached XP level 3. HP: 25/25 MP: 5/9
  1229 | D:2      | Reached skill level 1 in Invocations
  1350 | D:2      | Learned a level 3 spell: Mephitic Cloud
  1353 | D:2      | Learned a level 2 spell: Call Imp
  1464 | D:2      | Reached skill level 1 in Fighting
  1464 | D:2      | Reached skill level 1 in Short Blades
  1464 | D:2      | Reached skill level 1 in Long Blades
  1464 | D:2      | Reached skill level 1 in Axes
  1464 | D:2      | Reached skill level 1 in Maces & Flails
  1464 | D:2      | Reached skill level 1 in Polearms
  1464 | D:2      | Reached skill level 1 in Staves
  1464 | D:2      | Reached skill level 1 in Ranged Weapons
  1464 | D:2      | Reached skill level 1 in Throwing
  1464 | D:2      | Reached skill level 1 in Armour
  1464 | D:2      | Reached skill level 1 in Shields
  1464 | D:2      | Reached skill level 1 in Unarmed Combat
  1464 | D:2      | Reached skill level 1 in Evocations
  1685 | D:3      | Reached skill level 1 in Shapeshifting
  1685 | D:3      | Reached XP level 4. HP: 31/32 MP: 0/11
  1887 | D:3      | Found a shadowy altar of Dithmenos.
  2337 | D:3      | Found a stormy altar of Qazlal.
  2797 | D:4      | Reached skill level 1 in Hexes
  2797 | D:4      | Reached skill level 1 in Summonings
  2797 | D:4      | Reached skill level 1 in Necromancy
  2797 | D:4      | Reached skill level 1 in Translocations
  2797 | D:4      | Reached skill level 1 in Fire Magic
  2797 | D:4      | Reached skill level 1 in Ice Magic
  2797 | D:4      | Reached skill level 1 in Air Magic
  2797 | D:4      | Reached skill level 1 in Earth Magic
  2939 | D:4      | Learned a level 4 spell: Olgreb's Toxic Radiance
  3004 | D:4      | Found a transporter.
  3010 | D:4      | Found a one-way gate to the infinite horrors of the Abyss.
  3010 | D:4      | Noticed Consumeair16's ghost (amateur GnCj)
  3029 | D:4      | Reached XP level 5. HP: 37/37 MP: 7/12
  3112 | D:4      | Identified the ring "Osominak" {rPois Str+3}
  3152 | D:4      | Found a basalt altar of Yredelemnul.
  3269 | D:4      | Learned a level 4 spell: Sticky Flame
  3311 | D:4      | Found a glowing golden altar of the Shining One.
  3432 | D:4      | Noticed a small abomination
  3457 | D:4      | Found a transporter.
  3625 | D:4      | Found a shimmering blue altar of Sif Muna.
  3690 | D:4      | Became a worshipper of Sif Muna the Loreminder
  3781 | D:5      | Entered Level 5 of the Dungeon
  3802 | D:5      | Reached XP level 6. HP: 28/44 MP: 4/14
  3803 | D:5      | Reached skill level 5 in Dodging
  3900 | D:5      | Found Zin's Purification Station.
  3935 | D:5      | Found a glowing silver altar of Zin.
  3938 | D:5      | Bought a potion of curing for 90 gold pieces
  4027 | D:5      | Reached XP level 7. HP: 49/51 MP: 9/15
  4067 | D:5      | Reached skill level 5 in Stealth
  4712 | D:6      | Found a staircase to the Ecumenical Temple.
  4897 | D:6      | Reached * piety under Sif Muna
  4901 | D:6      | Reached XP level 8. HP: 58/58 MP: 9/16
  5510 | D:7      | Reached XP level 9. HP: 65/65 MP: 13/18
  5678 | D:6      | Noticed a cyclops
  5685 | D:6      | Reached ** piety under Sif Muna
  5685 | D:6      | Noticed Blork the orc
  5688 | D:6      | Killed a cyclops
  5689 | D:6      | Reached skill level 5 in Invocations
  5690 | D:6      | Killed Blork the orc
  5762 | D:6      | Noticed a manticore
  5767 | D:6      | Reached skill level 5 in Fighting
  5767 | D:6      | Reached skill level 5 in Short Blades
  5767 | D:6      | Reached skill level 5 in Long Blades
  5767 | D:6      | Reached skill level 5 in Axes
  5767 | D:6      | Reached skill level 5 in Maces & Flails
  5767 | D:6      | Reached skill level 5 in Polearms
  5767 | D:6      | Reached skill level 5 in Staves
  5767 | D:6      | Reached skill level 5 in Ranged Weapons
  5767 | D:6      | Reached skill level 5 in Throwing
  5767 | D:6      | Reached skill level 5 in Armour
  5767 | D:6      | Reached skill level 5 in Shields
  5767 | D:6      | Reached skill level 5 in Unarmed Combat
  5767 | D:6      | Reached skill level 5 in Evocations
  5767 | D:6      | Reached XP level 10. HP: 69/74 MP: 17/20
  5774 | D:6      | Killed a manticore
  6195 | D:7      | Reached skill level 5 in Conjurations
  6334 | D:7      | Reached skill level 5 in Shapeshifting
  6462 | D:7      | Found an opulent altar of Gozag.
  6713 | D:8      | Reached *** piety under Sif Muna
  6864 | D:8      | Noticed a manticore
  6873 | D:8      | Killed a manticore
  7022 | D:8      | Found a radiant altar of Vehumet.
  7059 | D:8      | Found a burning altar of Makhleb.
  7405 | D:9      | Found an ornate altar of the Wu Jian Council.
  7411 | D:9      | Learned a level 4 spell: Dispel Undead
  7417 | D:9      | Learned a level 5 spell: Alistair's Intoxication
  7572 | D:9      | Found a broken altar of Ashenzari.
  7675 | D:9      | Reached skill level 5 in Hexes
  7675 | D:9      | Reached skill level 5 in Summonings
  7675 | D:9      | Reached skill level 5 in Necromancy
  7675 | D:9      | Reached skill level 5 in Translocations
  7675 | D:9      | Reached skill level 5 in Fire Magic
  7675 | D:9      | Reached skill level 5 in Ice Magic
  7675 | D:9      | Reached skill level 5 in Air Magic
  7675 | D:9      | Reached skill level 5 in Earth Magic
  7679 | D:9      | Reached XP level 11. HP: 71/81 MP: 6/22
  7687 | D:9      | Found a staircase to the Orcish Mines.
  8369 | Orc:1    | Entered Level 1 of the Orcish Mines
  8456 | Orc:1    | Reached **** piety under Sif Muna
  8508 | Orc:1    | Noticed an orc sorcerer
  8516 | Orc:1    | Killed an orc sorcerer
  8681 | Orc:1    | Found Xux Waff's Distillery.
  8689 | Orc:1    | Bought a potion of heal wounds for 80 gold pieces
  8689 | Orc:1    | Bought a potion of heal wounds for 80 gold pieces
  8689 | Orc:1    | Bought a potion of curing for 48 gold pieces
  8689 | Orc:1    | Bought 2 potions of haste for 320 gold pieces
  8885 | Orc:1    | Noticed an orc knight
  8900 | Orc:1    | Killed an orc knight
  9134 | Orc:1    | Noticed an orc high priest
  9148 | Orc:1    | Killed an orc high priest
  9292 | Orc:2    | Entered Level 2 of the Orcish Mines
  9413 | Orc:2    | Found a staircase to the Elven Halls.
  9415 | Orc:2    | Noticed Nessos
  9428 | Elf:1    | Entered Level 1 of the Elven Halls
  9428 | Elf:1    | Noticed a deep elf pyromancer
  9428 | Elf:1    | Noticed a deep elf pyromancer
  9428 | Elf:1    | Noticed a deep elf zephyrmancer
  9428 | Elf:1    | Noticed a deep elf pyromancer
  9428 | Elf:1    | Noticed a deep elf zephyrmancer
  9428 | Elf:1    | Noticed a deep elf zephyrmancer
  9428 | Elf:1    | Noticed a deep elf zephyrmancer
  9430 | Orc:2    | HP: 1/83 [Nessos/arrow (9)]
  9430 | Orc:2    | Shot with an arrow by Nessos

Illustrated notes

Levels and vault maps discovered:
D:1:      roderic_crossed_star, layout_loops_ring, grunt_decor_junction
D:2:      layout_loops_cross, dreamdust_princess_bridge, serial_bayou_ford_a
D:3:      layout_loops_ring, grunt_dithmenos_smoke_and_mirrors,
          nicolae_qazlal_scattered_showers, serial_rivers,
          chequers_serial_rivers_micro_a, chequers_serial_rivers_room_a,
          chequers_serial_rivers_large_a, chequers_serial_rivers_room_b,
          chequers_serial_rivers_micro_c, grunt_decor_resistance
D:4:      layout_basic, kennysheep_mini, nicolae_tso_swordbearing_angel,
          yredelemnul_altar_generic, gammafunk_ghost_abyssal_escape
D:5:      layout_basic, zin_purify, portal_sewer_entry_e,
          hangedman_abyss_or_decor_stabs
D:6:      minmay_klotski, layout_gridville, minmay_temple_entry_antechambers,
          uniq_blork_the_orc
D:7:      layout_basic, grunt_gozag_breadcrumbs, minmay_misc_feat_encased,
          hangedman_decor_points
D:8:      layout_rooms, nicolae_vehumet_altar_sigil,
          makhleb_blood_cavern_becter, minmay_microvault
D:9:      layout_small_grid, mainiacjoe_overflow_small_starburst,
          mainiacjoe_overflow_surrounded_room, zombieorc1_lemuel,
          serial_library_hellmonk_junction
Orc:1:    cheibrodos_orc_bank, layout_caves, serial_shops,
          nicolae_shop_tiny_waterfront, regret_index_minedec_guest_junction
Orc:2:    st_orc_open, layout_caves, serial_shops, nicolae_shop_back_alley_shop,
          uniq_nessos, uniq_donald
Elf:1:    elf_arrival_002, layout_gridlike, hangedman_elf_represent

Skill      XL: |  1  2  3  4  5  6  7  8  9 10 11 |
---------------+----------------------------------+-----
Conjurations   | 2 3 4 5 |  5.9
Spellcasting   | 5 6 7 8 |  8.4
Invocations    | 1 2 3 4 5 6 7 |  7.2
Fighting       | 1 2 3 5 6 |  6.6
Short Blades   | 1 2 3 5 6 |  6.6
Long Blades    | 1 2 3 5 6 |  6.6
Axes           | 1 2 3 5 6 |  6.6
Maces & Flails | 1 2 3 5 6 |  6.6
Polearms       | 1 2 3 5 6 |  6.6
Staves         | 1 2 3 5 6 |  6.6
Ranged Weapons | 1 2 3 5 6 |  6.6
Throwing       | 1 2 3 5 6 |  6.6
Armour         | 1 2 3 5 6 |  6.6
Shields        | 1 2 3 5 6 |  6.6
Unarmed Combat | 1 2 3 5 6 |  6.6
Evocations     | 1 2 3 5 6 |  6.6
Shapeshifting  | 1 2 3 4 5 6 |  6.0
Hexes          | 1 2 3 4 5 |  5.4
Summonings     | 1 2 3 4 5 |  5.4
Necromancy     | 1 2 3 4 5 |  5.4
Translocations | 1 2 3 4 5 |  5.4
Fire Magic     | 1 2 3 4 5 |  5.4
Ice Magic      | 1 2 3 4 5 |  5.4
Air Magic      | 1 2 3 4 5 |  5.4
Earth Magic    | 1 2 3 4 5 |  5.4
Dodging        | 5 6 7 8 |  8.1
Stealth        | 5 6 7 |  7.9
Alchemy        | 6 7 |  7.8

Action                     |  1- 3 |  4- 6 |  7- 9 | 10-12 || total
---------------------------+-------+-------+-------+-------++-------
  Melee: Spear             |     8 |    20 |       |       ||    28
         Bite              |       |     4 |     3 |    14 ||    21
         Staff             |       |    34 |    50 |    96 ||   180
         Punch             |       |       |     1 |     2 ||     3
   Cast: Sting             |    56 |    23 |       |       ||    79
         Call Imp          |     2 |     1 |       |       ||     3
         Mephitic Cloud    |     1 |       |     2 |     5 ||     8
         Olgreb's Toxic Ra |       |    14 |    26 |    41 ||    81
         Sticky Flame      |       |       |     6 |    36 ||    42
         Dispel Undead     |       |       |       |    27 ||    27
         Alistair's Intoxi |       |       |       |     2 ||     2
 Invoke: Channel Magic     |       |       |       |     4 ||     4
  Evoke: Wand              |       |       |    11 |     1 ||    12
    Use: Scroll            |     6 |     4 |     5 |     4 ||    19
         Potion            |       |       |       |     3 ||     3
   Stab: Sleeping          |     1 |       |     1 |     1 ||     3
         Distracted        |       |     1 |       |       ||     1
         Confused          |       |       |     2 |     4 ||     6
 Armour: Robe              |     7 |    25 |     1 |       ||    33
         Leather armour    |       |       |    58 |    84 ||   142
  Dodge: Dodged            |    12 |    32 |    55 |   113 ||   212
  Block: Other             |     2 |     5 |       |       ||     7
         Reflection        |       |     1 |       |       ||     1
